 Dungeon Crawl Stone Soup version 0.23-a0-673-g3803c42f16 (webtiles) character file.

2828 jakobri the Cleaver (level 9, -9/81 (82) HPs)
             Began as a Naga Wanderer on Jan 9, 2019.
             Was an Initiate of Gozag.
             Mangled by a two-headed ogre
             ... wielding a +0 giant club
              (23 damage)
             ... on level 8 of the Dungeon.
             The game lasted 00:17:59 (8507 turns).

jakobri the Cleaver (Naga Wanderer)                 Turns: 8507, Time: 00:18:00

HP:   -9/81 (82)    AC: 10    Str: 16    XL:     9   Next: 73%
MP:   12/12         EV:  7    Int: 15    God:    Gozag
Gold: 994           SH:  4    Dex: 10    Spells: 11/12 levels left

rFire    . . .     SeeInvis +   L - +0 hand axe (elec)
rCold    + . .     Gourm    .   C - +0 buckler
rNeg     . . .     Faith    .   p - +0 scale mail
rPois    +         Spirit   .   h - +0 helmet
rElec    .         Reflect  .   F - +0 cloak
rCorr    .         Harm     .   c - +0 pair of gloves
MR       +....                  (no barding)
Stlth    ..........             A - amulet of regeneration
HPRegen  0.63/turn              w - ring of protection from cold
MPRegen  0.13/turn              (no ring)

@: gold aura, very slow
A: large, see invisible, deformed body, poison resistance, slowness 2, slow
metabolism 1, spit poison 1, AC +3
a: Spit Poison, Potion Petition, Call Merchant, Bribe Branch, Renounce Religion


You were on level 8 of the Dungeon.
You worshipped Gozag.
Gozag was pleased with you.
You were not hungry.

You visited 1 branch of the dungeon, and saw 8 of its levels.

You collected 1236 gold pieces.
You paid 242 gold pieces to Gozag.

Inventory:

Hand Weapons
 a - a +2 dagger
 d - a +0 quarterstaff
 n - a +1 hand axe of flaming
 o - a +0 spear
 G - a +0 flail
 L - a +0 hand axe of electrocution (weapon)
 P - a +0 flail of draining
 Q - a +1 hand axe of freezing
Missiles
 g - 187 stones (quivered)
 s - 8 tomahawks
 z - 40 poisoned needles
 E - 16 javelins
Armour
 c - a +0 pair of gloves (worn)
 e - a +0 robe
 h - a +0 helmet (worn)
 m - a +0 ring mail
 p - a +0 scale mail (worn)
 t - a +0 plate armour
 C - a +0 buckler (worn)
 F - a +0 cloak (worn)
 K - a +0 scale mail
Jewellery
 w - a ring of protection from cold (left hand)
 A - an amulet of regeneration (around neck)
 H - an uncursed ring of fire
 T - an uncursed ring of ice
 U - an uncursed amulet of guardian spirit {unknown}
Scrolls
 b - a scroll of fear
 i - 3 scrolls of remove curse {@r2}
 k - 4 scrolls of amnesia
 q - 2 scrolls of teleportation
 r - a scroll of fog {unknown}
 u - a scroll of enchant weapon {unknown}
 x - a scroll of noise {unknown}
 y - a scroll of magic mapping {unknown}
 M - a scroll of blinking {unknown}
 R - a scroll of enchant armour {unknown}
 S - a scroll of random uselessness {unknown}
Potions
 j - 2 potions of might {unknown}
 l - a potion of invisibility
 v - a potion of degeneration
 B - a potion of heal wounds
 D - a potion of agility
 I - a potion of mutation
 J - a potion of curing {unknown}
 N - a potion of haste
 O - a potion of ambrosia {unknown}
Comestibles
 f - 4 rations


   Skills:
 + Level 6.1 Fighting
 * Level 8.8 Axes
 - Level 3.4 Staves
 + Level 4.2 Armour
 - Level 2.0 Stealth
 - Level 3.0 Shields
 - Level 2.0 Spellcasting
 - Level 2.0 Hexes
   Level 1.0 Necromancy
   Level 1.0 Ice Magic
   Level 1.0 Evocations


You had 11 spell levels left.
You knew the following spells:

 Your Spells              Type           Power        Failure   Level  Hunger
a - Confusing Touch       Hex            #.....       32%         1    #......

Your spell library contained the following spells:

 Spells                   Type           Power        Failure   Level  Hunger
 Confuse                  Hex            #.......     69%         3    ###....
 Poisonous Vapours        Pois/Air       #.....       75%         2    ###....
 Conjure Flame            Conj/Fire      #.......     92%         3    ###....
 Gell's Gravitas          Tloc           #.........   92%         3    ###....
 Mephitic Cloud           Conj/Pois/Air  #.......     92%         3    ###....
 Petrify                  Tmut/Erth      #.......     100%        4    #####..
 Metabolic Englaciation   Hex/Ice        #.........   100%        5    ######.
 Yara's Violent Unravell  Hex/Tmut       #.........   100%        5    ######.
 Freezing Cloud           Conj/Ice/Air   #.........   100%        6    #######
 Ring of Flames           Chrm/Fire      #.........   100%        7    #######


Dungeon Overview and Level Annotations

Branches:
Dungeon (8/15)             Temple (0/1) D:6
   Lair: D:8-11

Altars:
Ashenzari
Dithmenos
Gozag
Hepliaklqana
Makhleb
Nemelex Xobeh
Sif Muna
Wu Jian
Xom
Yredelemnul

Shops:
D:5 (

Annotations:
D:4 1 exclusion


Innate Abilities, Weirdness & Mutations

You cannot wear boots.
Your serpentine skin is tough. (AC +3)
You have supernaturally acute eyesight. (SInv)
Armour fits poorly on your strangely shaped body.
Your system is resistant to poisons. (rPois)
You cover ground very slowly.
You have a slow metabolism.
You can spit poison.


Message History

You slash the two-headed ogre!
The two-headed ogre hits you with a +0 giant club.
The two-headed ogre hits you but does no damage.
You hit the two-headed ogre but do no damage.
Lightning courses through the two-headed ogre!
You barely miss the two-headed ogre.
You have got your breath back.
The two-headed ogre hits you with a +0 giant club!
You block the two-headed ogre's attack.
You closely miss the two-headed ogre.
The two-headed ogre hits you with a +0 giant club.
The two-headed ogre hits you with a +0 giant spiked club!
You barely miss the two-headed ogre. You slash the two-headed ogre!
Lightning courses through the two-headed ogre!
The two-headed ogre hits you with a +0 giant club!!
* * * LOW HITPOINT WARNING * * *
The two-headed ogre hits you with a +0 giant spiked club!!
You die...
Your body crumbles into a pile of gold.

###### ....#
#### ...#.....
##.####O......#
.......@#####.#
##.####.......#
#.##########
#.# #.....<#
#.###.######
#.....# #######


You could see a two-headed ogre.

Vanquished Creatures
  An orc warrior (D:7)
  3 ice beasts
  A sky beast (D:5)
  A hornet zombie (D:5)
  A black bear (D:6)
  4 ogres
  2 phantoms
  A necrophage (D:7)
  3 centaurs
  2 bullfrogs
  3 scorpions
  A howler monkey (D:4)
  2 bullfrog zombies (D:6)
  A centaur zombie (D:5)
  A quasit (D:6)
  A jelly (D:6)
  5 orc priests
  2 crimson imps (D:5)
  A bullfrog skeleton (D:5)
  A hound (D:7)
  5 orc wizards
  A centaur skeleton (D:5)
  Natasha (twice) (D:2)
  6 worker ants
  A hound zombie (D:5)
  4 gnolls (D:2)
  8 adders
  2 shadow imps
  3 oozes
  6 worms
  An adder skeleton (D:4)
  11 leopard geckos
  17 orcs
  7 giant cockroaches
  5 goblins
  4 hobgoblins
  5 jackals
  7 kobolds
  4 quokkas
  10 bats
  4 frilled lizards
  4 rats
154 creatures vanquished.

Notes
Turn   | Place    | Note
-------+----------+-------------------------------------------
     0 | D:1      | jakobri the Naga Wanderer began the quest for the Orb.
     0 | D:1      | jakobri set off with the following items: a +2 dagger, a
                  | scroll of fear, a scroll of teleportation, a +0
                  | quarterstaff, a +0 robe, a ration
     0 | D:1      | Reached XP level 1. HP: 21/21 MP: 2/2
   156 | D:1      | Reached XP level 2. HP: 16/28 MP: 3/3
   517 | D:1      | Reached XP level 3. HP: 15/34 MP: 4/4
  1205 | D:2      | Reached skill level 1 in Axes
  1792 | D:2      | Reached XP level 4. HP: 38/42 MP: 5/5
  1979 | D:2      | Reached skill level 2 in Axes
  2422 | D:2      | Reached skill level 3 in Axes
  2566 | D:2      | Reached XP level 5. HP: 49/49 MP: 6/6
  2612 | D:2      | Noticed Natasha
  2621 | D:2      | Killed Natasha
  2724 | D:2      | Found a sparkling altar of Nemelex Xobeh.
  2793 | D:2      | Noticed Natasha
  2796 | D:2      | Killed Natasha
  2796 | D:2      | Reached skill level 4 in Axes
  2822 | D:2      | Found an iron altar of Okawaru.
  2824 | D:2      | Found a shattered altar of Ashenzari.
  2824 | D:2      | Found a shimmering altar of Xom.
  2835 | D:2      | Found a blossoming altar of Fedhas.
  2835 | D:2      | Found a snail-covered altar of Cheibriados.
  2835 | D:2      | Found a deep blue altar of Sif Muna.
  2956 | D:3      | Found a shattered altar of Ashenzari.
  3819 | D:4      | Learned a level 1 spell: Confusing Touch
  3887 | D:4      | Reached XP level 6. HP: 54/56 MP: 7/7
  3920 | D:4      | Noticed a phantom
  3949 | D:4      | Killed a phantom
  3949 | D:4      | Reached skill level 1 in Armour
  3949 | D:4      | Reached skill level 1 in Hexes
  4603 | D:5      | Entered Level 5 of the Dungeon
  4619 | D:5      | Found a burning altar of Makhleb.
  4686 | D:5      | Reached XP level 7. HP: 40/62 MP: 9/9
  4754 | D:5      | Found Yrhado's Antique Weapon Emporium.
  4768 | D:5      | Reached skill level 5 in Axes
  4777 | D:5      | Reached skill level 1 in Shields
  4889 | D:5      | Found a basalt altar of Yredelemnul.
  4890 | D:5      | Found a hazy altar of Hepliaklqana.
  4961 | D:5      | Found a shadowy altar of Dithmenos.
  5299 | D:5      | Found a deep blue altar of Sif Muna.
  5300 | D:5      | Found an opulent altar of Gozag.
  5307 | D:5      | Became a worshipper of Gozag Ym Sagoz the Greedy
  5718 | D:6      | Reached XP level 8. HP: 36/72 MP: 11/11
  5859 | D:6      | Found an ornate altar of the Wu Jian Council.
  5873 | D:6      | Reached skill level 6 in Axes
  6289 | D:6      | Found a staircase to the Ecumenical Temple.
  6319 | D:6      | Found a sparkling altar of Nemelex Xobeh.
  6775 | D:5      | Reached skill level 7 in Axes
  6829 | D:5      | Reached skill level 5 in Fighting
  6877 | D:5      | Reached XP level 9. HP: 77/81 MP: 12/12
  7165 | D:5      | Reached skill level 8 in Axes
  8499 | D:8      | Noticed a two-headed ogre
  8507 | D:8      | Mangled by a two-headed ogre

Vault maps used:
D:1:      wander_arrival_estate, serial_forest, infiniplex_forest_end_double,
          infiniplex_forest_clump_small, infiniplex_forest_end_1,
          infiniplex_forest_pool, infiniplex_forest_straight_2,
          infiniplex_forest_end_2, infiniplex_forest_lined_2,
          infiniplex_forest_straight_5, infiniplex_forest_clump_small
D:2:      doesnt_xom_only_xom, nemelex_diamond_rough_becter, uniq_natasha
D:3:      nicolae_ashenzari_panopticon
D:4:      first_ration, lightli_corner_chamber
D:5:      minmay_polygon_palace, marbit_many_paths,
          nicolae_dithmenos_shadow_blocks, gammafunk_temple_overflow_statue,
          gammafunk_temple_overflow_pools, serial_shops, kennysheep_mini,
          chequers_serial_rivers_small_b
D:6:      lemuel_crystal_altar, kennysheep_little_box,
          minmay_temple_entry_slanted

Skill      XL: |  1  2  3  4  5  6  7  8  9 |
---------------+----------------------------+-----
Stealth        | 2 |  2.0
Staves         | 3 |  3.4
Axes           | 1 3 4 5 7 8 |  8.8
Armour         | 1 3 4 |  4.2
Hexes          | 1 2 |  2.0
Shields        | 2 3 |  3.0
Spellcasting   | 2 |  2.0
Fighting       | 5 6 |  6.1
Necromancy     | |  1.0
Ice Magic      | |  1.0
Evocations     | |  1.0

Action                   |  1- 3 |  4- 6 |  7- 9 || total
-------------------------+-------+-------+-------++-------
Melee: Quarterstaff      |    68 |   218 |       ||   286
       Hand axe          |       |    36 |   355 ||   391
 Abil: Spit Poison       |    11 |    17 |    18 ||    46
  Use: Scroll            |     1 |       |    10 ||    11
       Potion            |       |       |     1 ||     1
 Stab: Distracted        |       |       |     1 ||     1
  Eat: Chunk             |     2 |     9 |     2 ||    13
       Ration            |       |       |     3 ||     3
Armor: Robe              |     7 |       |       ||     7
       Ring mail         |    12 |   146 |   154 ||   312
       Scale mail        |       |       |    34 ||    34
Dodge: Dodged            |    21 |   119 |   114 ||   254
Block: Buckler           |       |     4 |    52 ||    56

Table legend:
 A = Non-vault XP
 B = Vault XP
 C = Vault XP percentage of total XP
 D = Non-vault monster count
 E = Vault monster count
 F = Vault count percentage of total count
                 A         B        C        D         E       F
            +---------+---------+-------+---------+---------+-------
      Total |    3189 |     851 |  21.1 |     135 |      19 |  12.3
            +---------+---------+-------+---------+---------+-------
        D:1 |      44 |       0 |   0.0 |      24 |       0 |   0.0
        D:2 |     178 |      37 |  17.2 |      21 |       1 |   4.5
        D:3 |      34 |       0 |   0.0 |      16 |       0 |   0.0
        D:4 |     260 |       0 |   0.0 |      14 |       0 |   0.0
        D:5 |     830 |     814 |  49.5 |      25 |      18 |  41.9
        D:6 |    1078 |       0 |   0.0 |      21 |       0 |   0.0
        D:7 |     580 |       0 |   0.0 |      11 |       0 |   0.0
        D:8 |     185 |       0 |   0.0 |       3 |       0 |   0.0
            +---------+---------+-------+---------+---------+-------
